 Dungeon Sprint DCSS version 0.28-a0-247-gb8bfbab023 (webtiles) character file.

Game seed: 12765079009647992846

29 MikeHunt the Cleaver (level 7, -2/62 HPs)
             Began as a Naga Fighter on Aug 25, 2021.
             Was an Initiate of Gozag.
             Slain by a guardian mummy (14 damage)
             ... in the Dungeon (Sprint VI: "Thunderdome").
             The game lasted 00:03:29 (287 turns).

MikeHunt the Cleaver (Naga Fighter)                  Turns: 287, Time: 00:03:30

Health: -2/62      AC:  5    Str: 26    XL:     7   Next: 68%
Magic:  7/7        EV:  8    Int: 15    God:    Gozag
Gold:   172        SH: 17    Dex: 19    Spells: 6/6 levels left

rFire   + . .      SeeInvis +   a - +0 war axe
rCold   . . .      Faith    .   c - +0 kite shield
rNeg    + + .      Spirit   .   b - +0 scale mail
rPois   +          Reflect  +   (no helmet)
rElec   .          Harm     .   (no cloak)
rCorr   +          Rampage  .   (no gloves)
Will    ++...      NoTele   +   (no barding)
Stlth   ..........              o - amulet "Russuv" {Reflect rF+ Str+2 Int+4 Dex+4 SH+5}
HPRegen 0.20/turn               p - ring "Teopuura" {rN++ rCorr Int+2}
MPRegen 0.10/turn               q - ring "Wogovuy" {+Blink Will++ Str+6 Dex+3}

@: very slow
A: AC +2, large, see invisible, deformed body, poison resistance, slowness 2,
spit poison 1, naga tail 1
a: Spit Poison, Renounce Religion, Evoke Blink, Potion Petition, Call Merchant,
Bribe Branch


You were in the Dungeon.
You worshipped Gozag.
Gozag was aware of your devotion.
You visited 1 branch You collected 817 gold pieces.
You spent 645 gold pieces at shops.

Inventory:

Hand Weapons
 a - a +0 war axe (weapon)
Armour
 b - a +0 scale mail (worn)
 c - a +0 kite shield (worn)
Jewellery
 o - the amulet "Russuv" (around neck) {Reflect rF+ Str+2 Int+4 Dex+4 SH+5}
   (You bought it in a shop in the Dungeon)

   [amulet of reflection]

   It reflects blocked missile attacks.
   Str:       It affects your strength (+2).
   Int:       It affects your intelligence (+4).
   Dex:       It affects your dexterity (+4).
   rF:        It protects you from fire.
   SH:        It affects your SH (+5).
 p - the ring "Teopuura" (left hand) {rN++ rCorr Int+2}
   (You bought it in a shop in the Dungeon)

   [ring of resist corrosion]

   Int:       It affects your intelligence (+2).
   rN:        It greatly protects you from negative energy.
   rCorr:     It protects you from acid and corrosion.
 q - the ring "Wogovuy" (right hand) {+Blink Will++ Str+6 Dex+3}
   (You bought it in a shop in the Dungeon)

   [ring of strength]

   Str:       It affects your strength (+6).
   Dex:       It affects your dexterity (+3).
   +Blink:    It lets you blink.
   Will:      It greatly increases your willpower.
Wands
 k - a wand of iceblast (4)
Scrolls
 j - 4 scrolls of blinking
 m - 2 scrolls of fog
Potions
 d - a potion of might
 e - a potion of curing
 f - 4 potions of heal wounds
 g - 4 potions of haste
 h - 2 potions of magic
 n - a potion of resistance


   Skills:
 - Level 3.0 Fighting
 + Level 11.9 Axes
 - Level 2.4 Armour
 - Level 9.0 Shields
 + Level 6.7 Evocations


You had 6 spell levels left.
You didn't know any spells.
Your spell library was empty.

Dungeon Overview and Level Annotations

Branches:
Dungeon (1/1)

Altars:
Cheibriados
Dithmenos
Fedhas
Gozag
Kikubaaqudgha
Makhleb
Okawaru
Qazlal
Ru
Sif Muna
Trog
Uskayaw
Vehumet
Wu Jian
Xom
Yredelemnul
Zin
The Shining One
Beogh
Jiyva
Lugonu

Shops:
D *[??*?*:[((!!!!


Innate Abilities, Weirdness & Mutations

Your serpentine skin is tough. (AC +2)
You have supernaturally acute eyesight. (SInv)
Armour fits poorly on your strangely shaped body.
Your system is resistant to poisons. (rPois)
You cover ground very slowly.
You can spit poison.
You have a snake-like lower body.


Message History

You hit the guardian mummy.
The guardian mummy is severely damaged.
The guardian mummy hits you.
You completely miss the guardian mummy.
The guardian mummy is severely damaged.
You hit the guardian mummy.
The guardian mummy is almost destroyed.
You block the guardian mummy's attack.
You hit the guardian mummy.
The guardian mummy is almost destroyed.
You block the guardian mummy's attack.
You hit the guardian mummy but do no damage.
The guardian mummy is almost destroyed.
You slash the guardian mummy!
You destroy the guardian mummy!
You feel extremely nervous for a moment...
You feel horribly lethargic.
You feel yourself slow down.
Your Evocations skill increases to level 6!
You now have 172 gold pieces (gained 54).
A guardian mummy comes into view.
You feel yourself speed up. You block the guardian mummy's attack.
The guardian mummy hits you but does no damage.
You hit the guardian mummy but do no damage.
The guardian mummy hits you!!
* * * LOW HITPOINT WARNING * * *
You barely miss the guardian mummy. You hit the guardian mummy.
The guardian mummy is lightly damaged.
The guardian mummy barely misses you.
You feel much better. The guardian mummy hits you!!
* * * LOW HITPOINT WARNING * * *
You slash the guardian mummy!
The guardian mummy is moderately damaged.
You block the guardian mummy's attack.
You closely miss the guardian mummy.
The guardian mummy is moderately damaged.
The guardian mummy hits you!
You die...
Your body crumbles into a pile of gold.

###∩........8.# #.8........∩
##.............###...........
#⌠..........###...###........
#⌠..........# #.<.# #........
#⌠.....[....###...###..[.....
##.............###...........
###∩........8.# #.8........∩
##∩___......###......___∩#
######.8@........8.######
#⌠M...[).....⌠#
###.........### #_......._#
#_........# #_......._#
#∩.......∩# ##∩.....∩##
##.....##


You could see a guardian mummy.

Vanquished Creatures
  A guardian mummy (D)
  Menkaure (D)
  An orc warrior (D)
  A necrophage (D)
  A wight (D)
  A mummy (D)
  An adder zombie (D)
  4 orcs (D)
  A ball python skeleton (D)
12 creatures vanquished.

Notes
Turn   | Place    | Note
-------+----------+-------------------------------------------
     0 | D        | MikeHunt the Naga Fighter began the quest for the Orb.
     0 | D        | Reached XP level 1. HP: 21/21 MP: 1/1
     1 | D        | Found a hide-covered altar of Uskayaw.
     1 | D        | Found a radiant altar of Vehumet.
     2 | D        | Found an opulent altar of Gozag.
     2 | D        | Found a glowing silver altar of Zin.
     3 | D        | Found a basalt altar of Yredelemnul.
     3 | D        | Found a corrupted altar of Lugonu.
     4 | D        | Found Hanuis's Identification Station.
     4 | D        | Found a bloodstained altar of Trog.
     4 | D        | Round 1.
     5 | D        | Found Ninua's Advanced Armour.
     5 | D        | Found Ylevob's Jewellery.
    10 | D        | Became a worshipper of Gozag Ym Sagoz the Greedy
    18 | D        | Bought an ancient crystal amulet for 45 gold pieces
    18 | D        | Identified the amulet "Russuv" {Reflect rF+ Str+2 Int+4
                  | Dex+4 SH+5} (You bought it in a shop in the Dungeon)
    22 | D        | Noticed a wight
    23 | D        | Bought a clouded glass ring for 45 gold pieces
    23 | D        | Identified the ring "Teopuura" {rN++ rCorr Int+2} (You
                  | bought it in a shop in the Dungeon)
    24 | D        | Bought a brightly glowing tin ring for 45 gold pieces
    24 | D        | Identified the ring "Wogovuy" {+Blink Will++ Str+6 Dex+3}
                  | (You bought it in a shop in the Dungeon)
    33 | D        | Killed a wight
    34 | D        | Reached skill level 5 in Axes
    34 | D        | Reached XP level 2. HP: 13/28 MP: 2/2
    34 | D        | Reached XP level 3. HP: 16/34 MP: 3/3
    48 | D        | Found a blossoming altar of Fedhas.
    49 | D        | Found Ykiuset's Premium Goods.
    58 | D        | Found a shimmering blue altar of Sif Muna.
    58 | D        | Found a viscous altar of Jiyva.
    58 | D        | Found Jyina's Weapon Rack.
    59 | D        | Noticed a necrophage
    65 | D        | Killed a necrophage
    66 | D        | Reached skill level 7 in Axes
    66 | D        | Reached XP level 4. HP: 29/42 MP: 4/4
    66 | D        | Reached XP level 5. HP: 34/49 MP: 5/5
    74 | D        | Found Onor's Miscellaneous Merchandise.
    74 | D        | Found Pealis's Basic Armour.
    76 | D        | Arena points: 5 (+5) [x1]
    82 | D        | Found a shadowy altar of Dithmenos.
    87 | D        | Round 2.
    92 | D        | Found a sacrificial altar of Ru.
    93 | D        | Found a burning altar of Makhleb.
    93 | D        | Found Ytwoown's Do-It-Yourself Clinic.
    94 | D        | Found Cib Bali's Bottled Wisdom.
    94 | D        | Found Opuaturch's Distillery.
    95 | D        | Found a snail-covered altar of Cheibriados.
    95 | D        | Found a shimmering altar of Xom.
    95 | D        | Found Iqekh's Distillery.
   113 | D        | Bought a potion of experience for 300 gold pieces
   113 | D        | Reached skill level 10 in Axes
   113 | D        | Reached XP level 6. HP: 33/56 MP: 6/6
   120 | D        | Found an ancient bone altar of Kikubaaqudgha.
   121 | D        | Found an iron altar of Okawaru.
   121 | D        | Found Ciecliq's Staff Store.
   122 | D        | Found Pener's Must-Have Magic.
   122 | D        | Found Reruur's Magic Scroll Shop.
   123 | D        | Found a glowing golden altar of the Shining One.
   123 | D        | Found an ornate altar of the Wu Jian Council.
   123 | D        | Found a stormy altar of Qazlal.
   123 | D        | Found Hyweyczi's Magic Scroll Shop.
   163 | D        | Noticed an orc warrior
   188 | D        | Killed an orc warrior
   191 | D        | Arena points: 29 (+24) [x2]
   216 | D        | Round 3.
   217 | D        | Noticed Menkaure
   235 | D        | Killed Menkaure
   236 | D        | Reached skill level 11 in Axes
   236 | D        | Reached XP level 7. HP: 30/62 MP: 7/7
   247 | D        | Reached skill level 5 in Evocations
   254 | D        | Bought 3 potions of heal wounds for 105 gold pieces
   254 | D        | Bought 3 potions of heal wounds for 105 gold pieces
   261 | D        | Noticed a guardian mummy
   276 | D        | Killed a guardian mummy
   280 | D        | Noticed a guardian mummy
   287 | D        | Slain by a guardian mummy

Illustrated notes

Levels and vault maps discovered:
D:        arena_sprint

Skill      XL: |  1  2  3  4  5  6  7 |
---------------+----------------------+-----
Axes           | 5 7 10 11 | 11.9
Shields        | 4 6 8 9 |  9.0
Evocations     | 4 6 |  6.7
Fighting       | |  3.0
Armour         | |  2.4

Action                   |  1- 3 |  4- 6 |  7- 9 || total
-------------------------+-------+-------+-------++-------
Melee: War axe           |    15 |    37 |    19 ||    71
 Abil: Spit Poison       |       |     1 |       ||     1
Evoke: Wand              |       |     5 |     1 ||     6
  Use: Potion            |     2 |     4 |     2 ||     8
       Scroll            |       |     1 |       ||     1
Armor: Scale mail        |     3 |     1 |     1 ||     5
Dodge: Dodged            |     1 |     4 |     3 ||     8
Block: Kite shield       |    15 |    26 |     6 ||    47

Table legend: (Time is in decaauts)
 A = Elapsed time spent in this place.
 B = Non-inter-level travel time spent in this place.
 C = Inter-level travel time spent in this place.
 D = Time resting spent in this place.
 E = Time spent auto-exploring this place.
 F = Levels seen in this place.
 G = Mean time per level.
                   A        B        C        D        E       F      G
               +--------+--------+--------+--------+--------+-----+--------+
         Total |    379 |    379 |      0 |      0 |      0 |   1 |  379.0 |
       Dungeon |    379 |    379 |      0 |      0 |      0 |   1 |  379.0 |
               +--------+--------+--------+--------+--------+-----+--------+

Top non-repeatable levels by time:
       D: 379 daAuts
